 Dungeon Crawl Stone Soup version 0.24-a0-507-g3e8b242632 (webtiles) character file.

Game seed: 9469024358560737465

98 forest the Sneak (level 4, -4/23 HPs)
             Began as a Spriggan Assassin on July 18, 2019.
             Slain by Purgy (5 damage)
             ... in a sewer.
             The game lasted 00:06:01 (2710 turns).

forest the Sneak (Spriggan Assassin)                Turns: 2710, Time: 00:06:01

Health: -4/23      AC:  3    Str:  8    XL:     4   Next: 43%
Magic:  5/5        EV: 18    Int: 12    God:
Gold:   90         SH:  0    Dex: 17    Spells: 3/3 levels left

rFire    . . .     SeeInvis +   a - +2 dagger
rCold    . . .     Gourm    .   (shield restricted)
rNeg     . . .     Faith    .   b - +0 robe
rPois    .         Spirit   .   (helmet restricted)
rElec    .         Reflect  .   c - +0 cloak
rCorr    .         Harm     .   (gloves unavailable)
MR       .....                  (boots unavailable)
Stlth    ++........             (no amulet)
HPRegen  0.07/turn              o - +6 ring of slaying
MPRegen  0.09/turn              (no ring)

@: hasted, quick
A: very small, unfitting armour, see invisible, herbivore, speed 3, slow
metabolism 2
a: no special abilities


You were in a sewer.
You were not hungry.

You visited 1 branch of the dungeon, and saw 3 of its levels.
You also visited: Sewer.

You collected 90 gold pieces.

Inventory:

Hand Weapons
 a - a +2 dagger (weapon)
Missiles
 d - 14 poisoned darts (quivered)
 e - 2 curare-tipped darts
 g - 41 stones
 i - 17 sling bullets
Armour
 b - a +0 robe (worn)
 c - a +0 cloak (worn)
Jewellery
 o - a +6 ring of slaying (left hand)
Scrolls
 l - a scroll of blinking {unknown}
 q - a scroll of teleportation
 r - a scroll of fear {unknown}
Potions
 h - 2 potions of might {unknown}
 k - a potion of agility {unknown}
 m - a potion of mutation {unknown}
 n - 2 potions of heal wounds {unknown}
 p - a potion of curing {unknown}
Comestibles
 f - 7 rations


   Skills:
 + Level 1.8 Fighting
 + Level 3.0 Short Blades
 + Level 2.4 Throwing
 + Level 2.5 Dodging
 + Level 7.5 Stealth


You had 3 spell levels left.
You didn't know any spells.
Your spell library was empty.

Dungeon Overview and Level Annotations

Branches:
Dungeon (3/15)

Altars:

Annotations:
D:3 Natasha Sewer Purgy


Innate Abilities, Weirdness & Mutations

You are very small and have problems with some larger weapons.
You are too small for most types of armour.
You have supernaturally acute eyesight. (SInv)
You are a herbivore.
You cover ground extremely quickly.
You need to consume almost no food.


Message History

Why would you want to do that?
You enter the shallow water.
Moving in this stuff is going to be slow.
You enter the shallow water.
Moving in this stuff is going to be slow.
Throwing (i - inventory. (/) - cycle)
d - 15 poisoned darts (quivered)
Press: ? - help, Shift-Dir - straight line, f/p - Purgy
Aim: Purgy (moderately wounded, poisoned)
You throw a poisoned dart. The poisoned dart hits Purgy.
Purgy looks even sicker.
Purgy is moderately wounded.
Purgy snarls, "Go!
Away!"
You enter the shallow water.
Moving in this stuff is going to be slow.
Purgy closely misses you. Purgy claws you.
* * * LOW HITPOINT WARNING * * *
Purgy closely misses you. Why would you want to do that?
It was a potion of haste.
You feel yourself speed up. Purgy bites you.
You die...

≈≈≈∩.# #...#######.≈≈≈≈≈≈≈≈
≈≈≈∩## ##### #T≈≈≈≈≈≈≈# ≈≈≈.#
#.≈≈≈≈≈≈≈# ≈≈### ##(≈≈≈≈≈≈≈
≈≈.##### ##.≈≈≈≈≈≈≈≈ ≈≈≈≈≈#.#
####≈≈≈≈≈≈≈≈≈≈ ≈≈≈≈.#.##
#..#≈≈≈≈≈≈≈≈≈# ≈≈≈≈≈.≈.#
##T.≈≈≈≈≈≈≈≈≈≈≈ ≈≈≈≈≈≈≈≈##
####@≈≈≈≈≈≈≈≈≈≈≈≈≈
≈≈≈≈≈≈≈≈.####.≈≈≈≈≈≈≈≈≈≈≈≈≈≈≈≈
≈≈≈≈≈≈≈≈..##..≈≈≈≈≈≈≈≈≈≈≈≈≈≈≈#
≈≈≈≈≈≈≈≈≈≈≈≈≈≈≈≈≈≈≈≈≈≈≈≈≈≈###
≈≈≈≈≈≈≈≈≈≈≈≈≈≈≈≈≈≈≈≈≈≈≈≈≈≈#
≈≈≈≈≈≈≈≈≈≈≈≈≈≈≈≈≈≈≈≈≈≈≈≈###
≈≈≈≈≈≈≈≈≈≈≈≈≈≈≈≈≈≈≈≈≈≈≈##
≈≈≈≈≈≈≈≈≈≈≈≈≈≈≈≈≈≈≈≈≈≈##
≈≈≈≈≈≈≈≈≈≈≈≈≈≈≈≈≈≈≈###


You could see Purgy.

Vanquished Creatures
  A crimson imp (D:2)
  2 adders
  2 leopard geckos
  A ball python (Sewer)
  4 bats
  5 giant cockroaches
  11 goblins
  5 hobgoblins
  4 kobolds (D:1)
  4 frilled lizards
  4 rats
43 creatures vanquished.

Notes
Turn   | Place    | Note
-------+----------+-------------------------------------------
     0 | D:1      | forest the Spriggan Assassin began the quest for the Orb.
     0 | D:1      | Reached XP level 1. HP: 10/10 MP: 2/2
    23 | D:1      | Reached skill level 6 in Stealth
    65 | D:1      | Reached XP level 2. HP: 14/14 MP: 3/3
  1208 | D:2      | Reached skill level 7 in Stealth
  1208 | D:2      | Reached XP level 3. HP: 17/18 MP: 4/4
  2094 | D:2      | Reached XP level 4. HP: 23/23 MP: 5/5
  2586 | D:3      | Found a glowing drain.
  2592 | D:3      | Noticed Natasha
  2600 | Sewer    | Entered a sewer
  2677 | Sewer    | Noticed Purgy
  2709 | Sewer    | HP: 1/23 [Purgy (3)]
  2710 | Sewer    | Slain by Purgy

Levels and vault maps discovered:
D:1:      onia_arrival_mini_spirals, layout_rooms, serial_curves,
          eino_curves_02, eino_curves_02
D:2:      layout_loops_ring
D:3:      layout_rooms, chequers_ecumenical_altar_simple_redux,
          cheibrodos_sewer_entry_drain, uniq_natasha
Sewer:    sewer_co_purgy_island

Skill      XL: |  1  2  3  4 |
---------------+-------------+-----
Stealth        | 6 7 |  7.5
Dodging        | 2 |  2.5
Short Blades   | 3 |  3.0
Fighting       | |  1.8
Throwing       | |  2.4

Action                   |  1- 3 |  4- 6 || total
-------------------------+-------+-------++-------
Melee: Dagger            |   100 |    48 ||   148
Throw: Dart              |    13 |     9 ||    22
  Use: Scroll            |       |     3 ||     3
       Potion            |       |     1 ||     1
 Stab: Sleeping          |     9 |     3 ||    12
       Distracted        |     1 |       ||     1
Armor: Robe              |    13 |    13 ||    26
Dodge: Dodged            |    63 |    50 ||   113

Table legend:
 A = Non-vault XP
 B = Vault XP
 C = Vault XP percentage of total XP
 D = Non-vault monster count
 E = Vault monster count
 F = Vault count percentage of total count
                 A         B        C        D         E       F
            +---------+---------+-------+---------+---------+-------
      Total |     121 |      19 |  13.6 |      38 |       5 |  11.6
            +---------+---------+-------+---------+---------+-------
        D:1 |      36 |       0 |   0.0 |      21 |       0 |   0.0
        D:2 |      85 |       0 |   0.0 |      17 |       0 |   0.0
        D:3 |       0 |       1 | 100.0 |       0 |       1 | 100.0
      Sewer |       0 |      18 | 100.0 |       0 |       4 | 100.0
            +---------+---------+-------+---------+---------+-------
